 Dungeon Crawl Stone Soup version 0.28.0 (webtiles) character file.

Game seed: 17492186785323179170

5 trckry the Conjurer (level 1, 0/11 HPs)
             Began as an Octopode Conjurer on Feb 12, 2022.
             Was a Follower of Wu Jian.
             Slain by an adder (1 damage)
             ... on level 3 of the Dungeon.
             The game lasted 00:00:57 (462 turns).

trckry the Conjurer (Octopode Conjurer)              Turns: 462, Time: 00:00:57

Health: 0/11       AC:  1    Str:  6    XL:     1   Next: 80%
Magic:  3/3        EV: 13    Int: 20    God:    Wu Jian [*.....]
Gold:   12         SH:  0    Dex: 10    Spells: 3/4 levels left

rFire   . . .      SeeInvis .   (no weapon)
rCold   . . .      Faith    .   (no shield)
rNeg    . . .      Spirit   .   (helmet restricted)
rPois   .          Reflect  .   (no amulet)
rElec   .          Harm     .   (no ring)
rCorr   .          Rampage  .   (no ring)
Will    .....                   (no ring)
Stlth   +++.......              (no ring)
HPRegen 0.03/turn               (no ring)
MPRegen 0.08/turn               (no ring)
                                (no ring)
                                (no ring)

@: no status effects
A: almost no armour, amphibious, 8 rings, camouflage 1, gelatinous body 1,
(nimble swimmer 1), tentacles
a: Renounce Religion


You were on level 3 of the Dungeon.
You worshipped Wu Jian.
Wu Jian was aware of your devotion.
You visited 1 branch of the dungeon, and saw 3 of its levels.

You collected 12 gold pieces.

Inventory:

Missiles
 b - a stone
Scrolls
 a - a scroll of amnesia {unknown}


   Skills:
 - Level 2.0 Dodging
 + Level 2.9 Stealth
 + Level 2.1 Spellcasting
 * Level 4.1 Conjurations


You had 3 spell levels left.
You knew the following spells:

 Your Spells              Type           Power      Damage    Failure   Level
a - Magic Dart            Conj           72%        1d6       2%          1

Your spell library contained the following spells:

 Spells                   Type           Power      Damage    Failure   Level
 Searing Ray              Conj           36%        2d5       4%          2
 Foxfire                  Conj/Fire      40%        2x1d6     7%          1
 Conjure Flame            Conj/Fire      10%        6-21      21%         3
 Dazzling Flash           Conj/Hex       20%        N/A       21%         3
 Inner Flame              Hex/Fire       2%         N/A       43%         3
 Flame Wave               Conj/Fire      10%        2d5       54%         4
 Fulminant Prism          Conj/Hex       5%         3d7       54%         4
 Iskenderun's Mystic Bla  Conj/Tloc      10%        2d4       54%         4


Dungeon Overview and Level Annotations

Branches:
Dungeon (3/15)

Altars:
Wu Jian


Innate Abilities, Weirdness & Mutations

You cannot wear most types of armour.
You are amphibious.
You can wear up to eight rings at the same time.
Your skin changes colour to match your surroundings (Stealth+).
Your rubbery body absorbs attacks. (AC +1, EV +1)
((You are camouflaged when in or above water. (Stealth+)))
You have tentacles for arms and can constrict up to eight enemies at once.


Message History

You are too injured to fight recklessly!
You are too injured to fight recklessly!
You are too injured to fight recklessly!
You are too injured to fight recklessly!
You are too injured to fight recklessly!
You are too injured to fight recklessly!
You are too injured to fight recklessly!
You are too injured to fight recklessly!
The bat barely misses you. The bat closely misses you.
The bat hits you but does no damage. The bat hits you.
The bat closely misses you.
There is a stone staircase leading down here.
The bat misses you. The rat bites you but does no damage.
You climb downwards.
Found a book of Flames, a fizzy cyan potion and a mace.
Found a stone staircase leading down.
There is a stone staircase leading up here.
You spin and attack the rat.
You closely miss the rat. You grab the rat. You squeeze the rat.
You kill the rat!
The Council accepts your kill.
An adder comes into view.
The adder hisses angrily.
A kobold comes into view. It is wielding a +0 club.
You see here a book of Flames.
You pick up a book of Flames and begin reading...
You add the spells Foxfire, Conjure Flame, Inner Flame and Flame Wave to your library.
The kobold shouts!
The adder closely misses you.
There is a stone staircase leading down here.
The adder closely misses you. The adder bites you.
* * * LOW HITPOINT WARNING * * *
You climb downwards.
Found 11 arrows and a hunting sling.
There is a stone staircase leading up here.
The adder closely misses you. The adder closely misses you.
The adder bites you.
You die...

#.# #.#
#.# #.#
#(# #.#
#S# #@#
#.# ...
##...
.....
..)...
....##.
##..##
.#


You could see an adder.

Vanquished Creatures
  An endoplasm (D:1)
  A kobold (D:1)
  A quokka (D:1)
  2 rats
5 creatures vanquished.

Notes
Turn   | Place    | Note
-------+----------+-------------------------------------------
     0 | D:1      | trckry the Octopode Conjurer began the quest for the Orb.
     0 | D:1      | Reached XP level 1. HP: 11/11 MP: 3/3
   283 | D:1      | Found a faded altar of an unknown god.
   333 | D:1      | Prayed at the altar of an unknown god.
   333 | D:1      | Became a worshipper of the Wu Jian Council
   333 | D:1      | Reached * piety under Wu Jian
   458 | D:2      | HP: 1/11 [adder (5)]
   462 | D:3      | Slain by an adder

Illustrated notes

Levels and vault maps discovered:
D:1:      dpeg_arrival_short_road, layout_basic, ebering_ecumenical_altar_rust,
          minmay_crystal_room, minmay_misc_feat_roman
D:2:      layout_basic, uniq_jessica
D:3:      layout_rooms, mainiacjoe_overflow_paths, serial_shops, shop,
          kennysheep_boxes, uniq_terence

Action                   || total
-------------------------++-------
Melee: Unarmed           ||     9
       Constrict         ||     4
       Tentacles         ||     2
       Punch             ||     1
 Cast: Magic Dart        ||     6
Invok: Whirlwind         ||     2
Armor: Skin              ||     3
Dodge: Dodged            ||    17
